 Dungeon Crawl Stone Soup version 0.19.0-2-gae57169 (webtiles) character file.

3151 jacquesderrida the Grappler (level 9, 0/49 HPs)
             Began as a Vine Stalker Wanderer on Nov 4, 2016.
             Was an Initiate of Ashenzari.
             Slain by a wight
             ... wielding a +0 halberd
              (1 damage)
             ... on level 8 of the Dungeon.
             The game lasted 00:21:04 (3943 turns).

jacquesderrida the Grappler (Vine Stalker Wanderer) Turns: 3943, Time: 00:21:05

Health: 0/49       AC: 11    Str: 18    XL:     9   Next: 93%
Magic:  0/10       EV:  9    Int: 12    God:    Ashenzari [......]
Gold:   361        SH:  0    Dex: 14    Spells: 0 memorised, 8 levels left

rFire  . . .     SeeInvis .       - Unarmed
rCold  . . .     Gourm    .     a - +2 scale mail
rNeg   . . .     Faith    .     (no shield)
rPois  .         Spirit   +     (no helmet)
rElec  .         Reflect  .     o - +1 cloak
rCorr  .         Harm     .     s - +0 pair of gloves
MR     +....                    (no boots)
Stlth  ..........               (no amulet)
                                (no ring)
                                (no ring)

@: lethally poisoned (0 -> 0), heavily drained
A: fangs 3, regeneration 1, magic shield, antimagic bite, no device heal 3, rot
immunity
a: Curse Item, Renounce Religion


You were on level 8 of the Dungeon.
You worshipped Ashenzari.
Ashenzari was noncommittal.
You were not hungry.

You visited 2 branches of the dungeon, and saw 9 of its levels.
You also visited: Sewer.

You collected 419 gold pieces.
You spent 58 gold pieces at shops.

Inventory:

Hand Weapons
 b - a +1 hand axe
Missiles
 x - a throwing net (quivered)
Armour
 a - a +2 scale mail (worn)
 m - a +0 shield
 o - a +1 cloak (worn)
 s - a +0 pair of gloves (worn)
Jewellery
 g - an uncursed ring of ice
Wands
 v - a wand of slowing (0/48)
 y - a wand of flame (48/48)
 B - a wand of digging (11/24)
Scrolls
 f - a scroll of fear
 k - a scroll of enchant weapon
 t - a scroll of immolation
Potions
 c - a potion of lignification
 e - a potion of brilliance
 h - a potion of flight
 i - 2 potions of degeneration {unknown}
 j - 3 potions of curing
 l - a potion of berserk rage {unknown}
 n - 3 potions of haste {unknown}
 r - a potion of agility
 w - a potion of might {unknown}
Books
 z - a book of Flames

   Spells                             Type                      Level
   a - Flame Tongue                   Conjuration/Fire             1
   b - Throw Flame                    Conjuration/Fire             2
   c - Conjure Flame                  Conjuration/Fire             3
   d - Inner Flame                    Hexes/Fire                   3
   e - Sticky Flame                   Conjuration/Fire             4
   f - Fireball                       Conjuration/Fire             5
Comestibles
 d - 8 bread rations
 p - 3 fruits
 q - a royal jelly
 u - 2 chunks of flesh
 A - 9 slices of pizza


   Skills:
 + Level 6.9(5.3) Fighting
   Level 1.7(0.3) Short Blades
 - Level 1.7(0.3) Axes
 + Level 2.6(1.2) Armour
 - Level 1.2(0.0) Stealth
 - Level 3.2(1.8) Shields
 * Level 10.4(8.6) Unarmed Combat


You had 8 spell levels left.
You didn't know any spells.

Dungeon Overview and Level Annotations

Branches:
Dungeon (8/15)             Temple (1/1) D:6
   Lair: D:8-11

Altars:
Ashenzari
Dithmenos
Elyvilon
Kikubaaqudgha
Qazlal
Ru
Sif Muna
Trog
Vehumet
Yredelemnul
Zin
The Shining One
Lugonu

Shops:
D:4 [


Innate Abilities, Weirdness & Mutations

You have razor-sharp teeth.
Your natural rate of healing is unusually fast.
When hurt, damage is shared between your health and your magic reserves.
Your bite disrupts and absorbs the magic of your enemies.
Potions and wands cannot restore your health.
You are immune to rotting.


Message History

You feel sick.
You feel sick.
Evoke which item? (* to show all) (? for menu, Esc to quit)
Okay, then.
You feel sick.
You feel sick.
You feel sick.
You feel sick.
You feel sick.
You feel sick.
Found a potion of curing.
You feel sick.
You feel sick.
You feel sick.
You see here a potion of curing.
j - 3 potions of curing (gained 1)
The wight hits you from afar with a halberd!
* * * LOW HITPOINT WARNING * * *
You feel drained.
You die...

### #.# #.. #.#
##############.# #.#
........#....#.# #.#
..z..........#.#
#.#########.#.####.#
#.#....zz..).......#
#)#.#######.#.##@..#####
#)#.#######.#.z....'....
...z......z.z....>.#####
#.#######......#...#
........'......##'##
..#######......# .#
..'.....#.#'#..# .#
..#####.#.#.#..# .# ..#
#.#.#..# .#


You could see 3 wights.

Vanquished Creatures
  Pikel (D:6)
  A two-headed ogre (D:8)
  Grinder (D:5)
  2 hippogriffs (D:8)
  3 orc warriors
  2 slaves (D:6)
  A sky beast (D:7)
  2 phantoms
  A centaur (D:6)
  A gnoll sergeant (D:8)
  2 bullfrogs (Sewer)
  5 wights
  2 vampire bats (D:3)
  A howler monkey (D:3)
  A bullfrog zombie (D:5)
  2 orc priests (D:8)
  2 hounds
  6 orc wizards
  An iguana (D:8)
  4 worker ants
  A hound skeleton (D:5)
  7 gnolls
  11 adders
  A shadow imp (D:8)
  13 oozes
  An adder skeleton (D:5)
  An adder zombie (D:6)
  A worm (D:2)
  3 dart slugs
  8 leopard geckos (Sewer)
  12 orcs
  15 giant cockroaches
  3 goblins
  5 hobgoblins
  11 jackals
  5 kobolds
  2 quokkas
  11 ball pythons
  10 bats
  12 frilled lizards
  4 rats
178 creatures vanquished.

Vanquished Creatures (others)
  A slave (D:6)
  3 jackals (D:6)
4 creatures vanquished.

Grand Total: 182 creatures vanquished

Notes
Turn   | Place    | Note
-------+----------+-------------------------------------------
     0 | D:1      | jacquesderrida the Vine Stalker Wanderer began the quest for the Orb.
     0 | D:1      | jacquesderrida set off with: a +2 scale mail, a +0 hand axe, a potion of lignification, a bread ration
     0 | D:1      | Reached XP level 1. HP: 11/11 MP: 2/2
   186 | D:1      | Reached skill level 1 in Unarmed Combat
   215 | D:2      | Reached XP level 2. HP: 14/15 MP: 3/3
   431 | D:1      | Reached skill level 2 in Unarmed Combat
   431 | D:1      | Reached XP level 3. HP: 11/18 MP: 4/4
  1170 | D:3      | Gained mutation: Your natural rate of healing is unusually fast. [Vine Stalker growth]
  1170 | D:3      | Reached XP level 4. HP: 9/23 MP: 5/5
  1220 | D:3      | Found a deep blue altar of Sif Muna.
  1301 | D:3      | Reached skill level 3 in Unarmed Combat
  1348 | D:3      | Reached XP level 5. HP: 28/28 MP: 6/6
  1366 | D:3      | Reached skill level 4 in Unarmed Combat
  1399 | D:3      | Noticed a phantom
  1460 | D:3      | Killed a phantom
  1460 | D:3      | Reached skill level 5 in Unarmed Combat
  1460 | D:3      | Reached XP level 6. HP: 32/32 MP: 5/7
  1481 | D:3      | Found a sacrificial altar of Ru.
  1655 | D:4      | Noticed a phantom
  1679 | D:4      | Killed a phantom
  1764 | D:4      | Found Zeqi's Armour Emporium.
  1767 | D:4      | Bought a +0 pair of gloves for 58 gold pieces
  1955 | D:4      | Reached XP level 7. HP: 33/37 MP: 8/8
  2015 | D:5      | Entered Level 5 of the Dungeon
  2058 | D:5      | Reached skill level 6 in Unarmed Combat
  2160 | D:5      | Noticed Grinder
  2189 | D:5      | Paralysed by Grinder for 6 turns
  2199 | D:5      | Killed Grinder
  2253 | D:6      | Reached skill level 7 in Unarmed Combat
  2253 | D:6      | Gained mutation: You have razor-sharp teeth. [Vine Stalker growth]
  2253 | D:6      | Reached XP level 8. HP: 42/42 MP: 9/9
  2281 | D:6      | Found an ancient bone altar of Kikubaaqudgha.
  2309 | D:6      | Found a glowing drain.
  2342 | D:6      | Noticed Pikel
  2368 | D:6      | Killed Pikel
  2368 | D:6      | Reached skill level 5 in Fighting
  2368 | D:6      | Reached skill level 8 in Unarmed Combat
  2394 | Sewer    | Entered a sewer
  2949 | D:6      | Found a glowing silver altar of Zin.
  2974 | D:6      | Reached XP level 9. HP: 48/48 MP: 10/10
  2994 | D:6      | Reached skill level 9 in Unarmed Combat
  3229 | D:6      | Found a staircase to the Ecumenical Temple.
  3253 | Temple   | Entered the Ecumenical Temple
  3277 | Temple   | Became a worshipper of Ashenzari the Shackled
  3492 | D:8      | Noticed a two-headed ogre
  3591 | D:8      | Reached skill level 10 in Unarmed Combat
  3649 | D:8      | Found a shadowy altar of Dithmenos.
  3841 | D:8      | Killed a two-headed ogre
  3943 | D:8      | HP: 1/49 [wight/halberd (10)]
  3943 | D:8      | Slain by a wight

Skill      XL: |  1  2  3  4  5  6  7  8  9 |
---------------+----------------------------+-----
Unarmed Combat | 1 2 3 5 7 8 10 | 10.4
Fighting       | 2 3 4 5 6 |  6.9
Shields        | 2 3 |  3.2
Armour         | 2 |  2.6
Short Blades   | |  1.7
Axes           | |  1.7
Stealth        | |  1.2

Action                   |  1- 3 |  4- 6 |  7- 9 || total
-------------------------+-------+-------+-------++-------
Melee: Hand axe          |    99 |    43 |       ||   142
       Bite              |    23 |    33 |    98 ||   154
       Unarmed           |       |    72 |   397 ||   469
       Punch             |       |     1 |     8 ||     9
Evoke: Wand              |       |       |     7 ||     7
  Use: Potion            |       |     1 |     1 ||     2
       Scroll            |       |     5 |     6 ||    11
  Eat: Chunk             |     1 |     1 |     9 ||    11
Armor: Scale mail        |    59 |    55 |   203 ||   317
       Skin              |       |    12 |     5 ||    17
Dodge: Dodged            |    60 |    56 |   197 ||   313
